Map: Lightshade LE

Players

Reynor - Winner!

  • Race: Zerg Zerg

Kas

  • Race: Terran Terran
  • League: Master

Event: DreamHack SC2 Masters 2021 Summer

VOD

Have the link to the VOD?

Description

Time

  • Played on: May 29, 2021, 10:53 a.m.
  • Length: 10:47

All games in this series

Show
View Real Time Build Order
Export as new Build Order

Reynor Zerg - Winner!

Build Orders: Hatch First 

Get SALT Encoding   

  12  0:00  Drone  
  13  0:12  Overlord  
  13  0:16  Drone  
  14  0:30  Drone x2  
  16  0:48  Hatchery  
  15  0:51  Drone  
  15  0:55  Drone  
  17  0:59  Drone  
  18  1:10  Extractor  
  17  1:14  Spawning Pool  
  17  1:17  Drone  
  17  1:20  Drone  
  18  1:28  Drone  
  19  1:38  Drone  
  20  1:48  Overlord  
  20  2:01  Queen x2  
  20  2:02  Zergling x4  
  26  2:10  Drone  
  26  2:11  Drone  
  26  2:13  Metabolic Boost  
  28  2:21  Drone x2  
  30  2:28  Extractor  
  29  2:35  Evolution Chamber  
  29  2:38  Spore Crawler  
  29  2:42  Drone  
  29  2:44  Hatchery  
  30  2:46  Drone  
  30  2:51  Pneumatized Carapace  
  31  2:57  Queen  
  33  3:02  Overlord  
  33  3:05  Drone  
  34  3:07  Drone  
  34  3:09  Drone  
  36  3:20  Drone x4  
  36  3:21  Drone  
  36  3:25  Overlord  
  41  3:27  Zergling x2  
  41  3:33  Queen  
  44  3:44  Overlord  
  44  3:45  Drone x2, Queen  
  44  3:46  Zergling x2  
  49  3:48  Zergling x2  
  49  3:50  Drone  
  49  3:53  Drone  
  52  3:56  Queen  
  52  3:58  Drone  
  52  4:00  Zergling x2  
  56  4:03  Drone  
  56  4:05  Overlord  
  56  4:08  Drone  
  58  4:10  Drone  
  58  4:11  Drone x2  
  58  4:15  Overlord  
  61  4:19  Lair  
  61  4:21  Drone  
  61  4:22  Drone  
  64  4:24  Drone  
  64  4:27  Extractor  
  62  4:31  Drone  
  62  4:32  Drone x2  
  62  4:37  Overlord  
  67  4:39  Spore Crawler  
  67  4:40  Drone  
  67  4:42  Spore Crawler  
  67  4:43  Drone  
  67  4:45  Drone  
  68  4:49  Spore Crawler  
  68  4:50  Drone x2  
  68  4:51  Drone  
  70  4:54  Drone x2  
  70  4:59  Overlord  
  72  5:01  Spore Crawler  
  72  5:04  Drone x3  
  72  5:05  Queen  
  74  5:07  Drone x2  
  74  5:08  Drone  
  74  5:11  Overlord  
  78  5:15  Baneling Nest  
  78  5:18  Drone  
  78  5:20  Overseer  
  78  5:24  Drone  
  78  5:25  Drone x2  
  78  5:26  Extractor  
  78  5:27  Extractor  
  79  5:30  Drone x2  
  79  5:33  Evolution Chamber x2  
  79  5:39  Hatchery  
  78  5:43  Drone x4  
  78  5:44  Drone x2  
  84  5:52  Hatchery  
  84  5:57  Overlord  
  83  5:58  Zergling x2  
  83  5:59  Zerg Ground Armor Level 1, Zergling x12  
  83  6:00  Centrifical Hooks  
  90  6:07  Zerg Melee Weapons Level 1  
  90  6:08  Drone x5  
  90  6:10  Drone  
  90  6:11  Drone  
  97  6:16  Zergling x2  
  97  6:17  Zergling x6  
  97  6:18  Drone  
  102  6:23  Overlord  
  102  6:27  Zergling x8  
  102  6:28  Overlord  
  106  6:33  Overlord  
  106  6:43  Zergling x14  
  112  6:56  Drone x4  
  112  6:57  Zergling x6  
  119  7:01  Drone x2  
  119  7:02  Drone  
  119  7:03  Spore Crawler  
  119  7:08  Zergling x12  
  118  7:09  Zergling x2  
  118  7:13  Drone  
  118  7:15  Drone  
  122  7:16  Hatchery, Infestation Pit  
  122  7:17  Zergling x4  
  122  7:19  Drone x2  
  122  7:21  Baneling x11  
  122  7:22  Zergling x8  
  128  7:24  Zergling x2  
  128  7:26  Overlord  
  129  7:31  Drone x2  
  129  7:36  Zergling x2  
  129  7:37  Zergling x20  
  139  7:39  Overlord  
  139  7:41  Drone  
  139  7:42  Queen, Spore Crawler  
  140  7:48  Zergling x6, Spore Crawler  
  131  7:52  Zergling x4  
  131  7:55  Zerg Ground Armor Level 2  
  131  7:56  Zergling x6, Hive  
  131  7:58  Zergling x4  
  138  8:00  Drone  
  138  8:03  Drone x6  
  138  8:05  Zergling x2  
  146  8:09  Zergling x4  
  146  8:11  Overlord  
  143  8:14  Zergling x2  
  143  8:16  Zerg Melee Weapons Level 2  
  143  8:18  Zergling x2  
  143  8:19  Zergling x2  
  146  8:20  Zergling x2  
  147  8:27  Overlord  
  147  8:28  Zergling x6  
  147  8:29  Zergling x2  
  147  8:31  Zergling x8  
  147  8:32  Zergling x12  
  161  8:34  Drone  
  161  8:36  Extractor, Zergling x2  
  161  8:38  Overlord  
  161  8:39  Zergling x2  
  163  8:42  Baneling x10  
  163  8:44  Overlord  
  163  8:45  Baneling x5  
  163  8:48  Zergling x8  
  167  8:51  Hatchery, Baneling x10, Overlord  
  167  8:52  Zergling x4  
  165  8:57  Overlord  
  165  8:59  Zergling x10  
  168  9:03  Zergling x8  
  168  9:04  Zergling x18  
  168  9:06  Drone  
  168  9:09  Ultralisk Cavern  
  181  9:14  Viper, Adrenal Glands  
  181  9:16  Drone x4  
  188  9:19  Extractor, Zergling x6  
  190  9:26  Zergling x6  
  190  9:28  Zergling x8  
  192  9:36  Zergling x16  
  179  9:49  Zergling x12  
  179  9:50  Zergling x14  
  176  9:55  Baneling x7  
  176  9:56  Baneling x2  
  176  9:59  Zergling x2, Ultralisk x2  
  190  10:00  Zergling x14  
  190  10:02  Zergling x8  
  191  10:10  Drone x3  
  191  10:11  Drone  
  191  10:12  Zergling x10  
  200  10:15  Baneling x6  
  200  10:18  Zergling x4  
  200  10:19  Zergling x2  
  200  10:20  Zergling x2  
  200  10:21  Zergling x2  
  199  10:26  Zergling x14  
  199  10:28  Zergling x2  
  169  10:45  Extractor  
Show
View Real Time Build Order
Export as new Build Order

Kas Terran 

Build Orders: Reaper Expand 

Get SALT Encoding   

  12  0:00  SCV  
  13  0:13  SCV  
  14  0:17  Supply Depot  
  14  0:25  SCV  
  15  0:38  SCV  
  15  0:40  Barracks  
  16  0:44  Refinery  
  16  0:50  SCV  
  17  1:03  SCV  
  18  1:15  SCV  
  19  1:28  Reaper, Orbital Command  
  20  1:39  Command Center  
  20  1:50  Supply Depot  
  20  1:54  SCV  
  21  2:01  Marine  
  21  2:06  SCV  
  23  2:10  Factory  
  23  2:17  Refinery  
  23  2:18  SCV  
  23  2:22  Barracks Reactor  
  24  2:30  SCV  
  25  2:42  SCV  
  26  2:51  Orbital Command  
  26  2:54  SCV  
  26  2:55  Starport  
  27  3:03  Hellion x2  
  31  3:06  SCV  
  32  3:15  Barracks Tech Lab  
  32  3:17  SCV  
  32  3:18  SCV  
  34  3:26  Command Center  
  34  3:29  SCV  
  34  3:31  SCV  
  36  3:41  SCV, Supply Depot  
  36  3:42  Banshee  
  36  3:43  Marine  
  36  3:44  SCV  
  42  3:53  SCV  
  43  3:56  Hellion  
  43  4:02  Barracks Tech Lab  
  45  4:03  Hellion  
  45  4:05  SCV  
  45  4:06  SCV  
  49  4:11  Supply Depot  
  49  4:17  SCV  
  49  4:20  Marine  
  49  4:21  Stimpack  
  52  4:24  SCV  
  52  4:33  SCV  
  51  4:39  Orbital Command  
  51  4:40  SCV, Barracks  
  51  4:42  Barracks  
  51  4:44  Marine  
  50  4:48  SCV, Supply Depot  
  50  4:51  Starport Reactor, Siege Tank  
  50  4:52  SCV  
  55  4:55  Engineering Bay  
  55  4:56  Engineering Bay  
  55  5:00  SCV  
  55  5:04  SCV  
  55  5:05  Marine  
  58  5:08  SCV  
  58  5:11  Supply Depot  
  58  5:14  SCV  
  57  5:16  SCV  
  57  5:19  Refinery  
  57  5:20  Refinery, SCV  
  59  5:23  Marine  
  59  5:25  Terran Infantry Armor Level 1, Terran Infantry Weapons Level 1  
  59  5:26  SCV, Siege Tank  
  59  5:28  SCV, Marine x2  
  67  5:36  Orbital Command  
  67  5:38  SCV  
  67  5:39  Marine x2  
  67  5:40  Starport Reactor, Supply Depot  
  67  5:41  Marine  
  71  5:44  SCV, Supply Depot  
  71  5:46  Marine  
  71  5:48  Marine  
  70  5:50  SCV  
  70  5:56  SCV  
  72  5:57  Marine x2  
  72  5:58  Siege Tank  
  72  5:59  Marine  
  72  6:02  SCV x2  
  72  6:04  Marine, Combat Shield  
  81  6:05  Barracks  
  81  6:06  Marine  
  81  6:08  SCV  
  81  6:10  Barracks  
  83  6:14  SCV x2  
  83  6:15  Marine  
  83  6:18  Marine x2  
  87  6:19  Supply Depot  
  87  6:20  SCV, Medivac  
  87  6:22  Medivac  
  93  6:26  SCV x2, Marine x2  
  98  6:32  SCV  
  98  6:33  Siege Tank  
  98  6:34  Barracks  
  98  6:37  Barracks  
  98  6:39  Marine x2  
  102  6:42  Supply Depot  
  102  6:43  Barracks  
  102  6:44  Supply Depot  
  102  6:45  Marine x2  
  103  6:49  SCV x2  
  103  6:50  Marine  
  103  6:52  SCV  
  103  6:53  Barracks Reactor  
  107  6:55  Supply Depot  
  107  6:56  Supply Depot  
  107  6:58  Barracks Reactor  
  107  7:00  Medivac  
  111  7:01  Marine x2  
  111  7:07  Armory  
  111  7:11  Marine x2  
  111  7:12  Marine  
  111  7:13  Siege Tank  
  113  7:16  Supply Depot  
  113  7:19  Marine x2  
  113  7:22  Barracks Reactor, Bunker  
  115  7:23  Supply Depot  
  115  7:24  Barracks Reactor  
  115  7:28  Supply Depot  
  115  7:29  Marine x3, Supply Depot  
  117  7:32  Barracks Reactor  
  117  7:33  Marine x2  
  117  7:35  Marine x2  
  122  7:37  Marine x2  
  124  7:47  Marine x3  
  124  7:50  Marine x2  
  117  7:53  Marine  
  117  7:55  Marine x3  
  117  7:56  Terran Infantry Weapons Level 2  
  124  8:00  Marine x2  
  124  8:05  Marine x3, Supply Depot  
  128  8:08  Marine  
  127  8:15  Terran Infantry Armor Level 2, Marine x9  
  127  8:17  Siege Tank  
  127  8:18  Marine x2, Supply Depot  
  138  8:23  Marine x3  
  138  8:26  Marine  
  142  8:32  Marine  
  142  8:33  Marine x5  
  148  8:34  Marine x2  
  148  8:39  Marine x2  
  148  8:40  Supply Depot  
  152  8:41  Supply Depot  
  152  8:42  Marine x2, Supply Depot x2  
  152  8:43  Marine  
  152  8:44  Marine  
  152  8:45  Marine  
  157  8:50  Marine x5  
  157  8:51  Marine  
  157  8:52  Marine x2  
  165  8:56  Marine x2  
  165  9:00  Marine x2  
  165  9:01  Marine  
  165  9:02  Marine x2  
  167  9:04  Supply Depot  
  167  9:05  Supply Depot  
  167  9:07  Siege Tank  
  167  9:08  Marine x4, Medivac  
  178  9:13  Marine x2  
  178  9:14  Marine x2  
  178  9:16  Marine x2  
  184  9:18  Marine  
  158  9:50  Marine x3  
  158  9:51  Marine x7, Siege Tank  
  158  9:52  Medivac x2  
  166  9:54  Marine x5  
  171  10:08  Marine x10  
  171  10:09  Bunker  
  171  10:12  Marine  
  173  10:23  Marine x3  
  173  10:26  Marine x2  
Tags
 
Add a new tag
Caveats
  • Supply blocks, unpowered buildings, or Contaminate may cause inaccurate times.
  • Supply counts are checked every 10 seconds.